Map: Terrazze Prion

Players

Haarken - Winner!

  • Race: Zerg Zerg
  • League: Silver

Jhyrachy

  • Race: Protoss Protoss
  • League: Silver

VOD

Have the link to the VOD?

Description

Time

  • Played on: Dec. 11, 2015, 9:32 a.m.
  • Length: 4:50
Show
View Real Time Build Order
Export as new Build Order

Haarken Zerg - Winner!

Build Orders: Hatch First 

Get SALT Encoding   

  12  0:01  Drone  
  13  0:07  Drone  
  14  0:17  Overlord  
  14  0:36  Drone x3  
  17  0:47  Drone  
  18  0:59  Hatchery  
  18  1:02  Drone  
  18  1:10  Extractor  
  18  1:11  Drone  
  18  1:20  Spawning Pool  
  18  1:21  Drone  
  18  1:30  Drone  
  19  1:41  Drone  
  20  1:52  Drone  
  21  2:06  Extractor  
  20  2:10  Queen  
  20  2:13  Queen  
  20  2:14  Metabolic Boost  
  24  2:16  Zergling x4  
  24  2:20  Drone  
  27  2:25  Overlord  
  27  2:27  Drone  
  28  2:38  Overlord  
  28  2:42  Evolution Chamber  
  27  2:44  Drone x2  
  29  2:55  Zergling x2  
  30  3:01  Zergling x2  
  30  3:03  Zergling x2  
  32  3:13  Zergling x2  
  32  3:17  Zergling x4  
  35  3:22  Zergling x6  
  38  3:34  Drone  
  39  3:41  Zergling x2  
  39  3:42  Zergling x6  
  43  4:02  Drone  
  44  4:03  Overlord  
  44  4:04  Overlord  
Show
View Real Time Build Order
Export as new Build Order

Jhyrachy Protoss 

Build Orders:  

Get SALT Encoding   

  12  0:02  Probe (Chrono Boost)  
  13  0:12  Probe (Chrono Boost)  
  14  0:26  Probe (Chrono Boost)  
  14  0:27  Pylon  
  15  0:45  Probe (Chrono Boost)  
  15  0:48  Gateway  
  16  0:55  Assimilator, Probe (Chrono Boost)  
  17  1:06  Probe (Chrono Boost)  
  18  1:20  Probe (Chrono Boost)  
  19  1:31  Probe (Chrono Boost)  
  20  1:39  Cybernetics Core  
  20  1:44  Pylon  
  20  1:46  Zealot  
  22  1:55  Nexus  
  22  2:20  Warp Gate (Chrono Boost)  
  22  2:25  Mothership Core  
  24  2:36  Zealot  
  26  2:43  Assimilator  
  26  2:53  Pylon  
  26  2:57  Probe  
  27  3:09  Probe  
  27  3:10  Probe  
  29  3:17  Twilight Council  
  29  3:21  Probe  
  30  3:29  Gateway  
  30  3:31  Pylon  
  30  3:32  Gateway  
  30  3:40  Pylon  
  30  4:00  Dark Shrine  
  30  4:11  Assimilator  
Tags
 
Add a new tag
Caveats
  • Supply blocks, unpowered buildings, or Contaminate may cause inaccurate times.
  • Supply counts are checked every 10 seconds.